 Dungeon Crawl Stone Soup version 0.20-a0-435-gf4ea4dd (webtiles) character file.

112 recordrepeat the Chopper (level 4, 0/40 HPs)
             Began as a Hill Orc Fighter on Jan 6, 2017.
             Slain by an orc wizard
             ... wielding a +0 dagger
              (3 damage)
             ... on level 3 of the Dungeon.
             The game lasted 00:05:57 (1997 turns).

recordrepeat the Chopper (Hill Orc Fighter)         Turns: 1997, Time: 00:05:59

Health: 0/40       AC:  7    Str: 19    XL:     4   Next: 95%
Magic:  4/4        EV:  7    Int: 18    God:
Gold:   32         SH:  9    Dex: 10    Spells: 3/3 levels left

rFire  . . .     SeeInvis .     a - +0 war axe
rCold  . . .     Gourm    +     b - +0 scale mail
rNeg   . . .     Faith    .     c - +0 shield
rPois  .         Spirit   .     (no helmet)
rElec  .         Reflect  .     (no cloak)
rCorr  .         Harm     .     (no gloves)
MR     .....                    (no boots)
Stlth  ..........               p - amulet of the gourmand
                                m - +5 ring of intelligence
                                i - +5 ring of intelligence

@: slowed, very slow
A: no striking features
a: no special abilities


You were on level 3 of the Dungeon.
You were full.

You visited 1 branch of the dungeon, and saw 3 of its levels.

You collected 32 gold pieces.

Inventory:

Hand Weapons
 a - a +0 war axe (weapon)
Armour
 b - a +0 scale mail (worn)
 c - a +0 shield (worn)
Jewellery
 i - a +5 ring of intelligence (left hand)
 m - a +5 ring of intelligence (right hand)
 p - an amulet of the gourmand (around neck)
Wands
 g - a wand of flame (21/48)
Scrolls
 e - 2 scrolls of fear {unknown}
 h - a scroll of identify {unknown}
 j - a scroll of noise {unknown}
 l - 2 scrolls of teleportation {unknown}
 n - 2 scrolls of enchant weapon {unknown}
 q - a scroll of random uselessness {unknown}
 s - a scroll of remove curse {unknown}
 t - a scroll of recharging {unknown}
Potions
 d - 2 potions of might
 o - a potion of beneficial mutation {unknown}
 r - a potion of lignification {unknown}
Comestibles
 f - 2 bread rations
 k - a beef jerky


   Skills:
 + Level 4.1 Fighting
 + Level 4.8 Axes
 + Level 4.0 Armour
 + Level 0.1 Dodging
 + Level 3.8 Shields


You had 3 spell levels left.
You didn't know any spells.

Dungeon Overview and Level Annotations

Branches:
Dungeon (3/15)

Altars:
Hepliaklqana


Message History

The orc wizard is lightly wounded.
You barely miss the orc. You hit the orc. You hit the orc wizard.
You hit the orc.
You kill the orc!
The orc hits you but does no damage.
The orc wizard points at you and mumbles some strange words.
The puff of flame misses you.
The puff of flame hits the orc wizard.
The orc wizard dies!
You block the orc's attack. x2
The orc wizard gestures at you while chanting.
The magic dart hits you!
* * * LOW HITPOINT WARNING * * *
You hit the orc wizard.
The orc wizard is moderately wounded.
You closely miss the orc. You hit the orc but do no damage. The orc hits you.
* * * LOW HITPOINT WARNING * * *
The orc hits you with a flail.
* * * LOW HITPOINT WARNING * * *
The orc wizard hits you with a dagger.
You die...

####...
......##.###.#
......###..#.....>.)#
.........###......##
#.......###.(.....#
#........##.......#
#.................#
#..........#.....##
#..o.)..##.#.....##
#..o@...##.......<#
#..o....#.........#
#...[...#.#.......#
#.......#.##.....##
.....##..#. ##...##
#...## #.... #####
#... #..# #... ..#


You could see an orc wizard and 2 orcs.

Vanquished Creatures
  An adder zombie (D:2)
  2 oozes (D:2)
  A worm (D:2)
  3 dart slugs
  2 leopard geckos
  2 orcs (D:3)
  10 bats
  6 giant cockroaches
  7 goblins
  9 hobgoblins
  6 kobolds
  4 frilled lizards
  A giant cockroach zombie (D:2)
  A leopard gecko skeleton (D:2)
  9 rats
64 creatures vanquished.

Vanquished Creatures (others)
  An orc wizard (D:3)
1 creature vanquished.

Grand Total: 65 creatures vanquished

Notes
Turn   | Place    | Note
-------+----------+-------------------------------------------
     0 | D:1      | recordrepeat the Hill Orc Fighter began the quest for the Orb.
     0 | D:1      | Reached XP level 1. HP: 19/19 MP: 1/1
   222 | D:1      | Reached XP level 2. HP: 23/27 MP: 2/2
   610 | D:1      | Reached XP level 3. HP: 33/33 MP: 3/3
  1169 | D:2      | Reached XP level 4. HP: 40/40 MP: 4/4
  1413 | D:2      | Found a hazy altar of Hepliaklqana.
  1997 | D:3      | Slain by an orc wizard

Vault maps used:
D:1:      dpeg_arrival_line_fractal
D:2:      minmay_diamond_boxcup, nicolae_overflow_crystal_walls, serial_undead,
          serial_undead_c, serial_undead_f, serial_undead_e, serial_undead_c,
          kennysheep_generic_room_16

Skill      XL: |  1  2  3  4 |
---------------+-------------+-----
Axes           | 3 4 |  4.8
Fighting       | 4 |  4.1
Armour         | 4 |  4.0
Dodging        | |  0.1
Shields        | |  3.8

Action                   |  1- 3 |  4- 6 || total
-------------------------+-------+-------++-------
Melee: War axe           |   115 |    60 ||   175
  Eat: Chunk             |     1 |    16 ||    17
Armor: Scale mail        |    52 |    33 ||    85
Dodge: Dodged            |    35 |    23 ||    58
Block: Shield            |    57 |    33 ||    90
